 Dungeon Crawl Stone Soup version 0.31.0-2-g5a2aebc5c2 (webtiles) character file.

Game seed: 17146795385541834878

25 bpung the Changeling (level 3, 0/26 HPs)
             Began as a Merfolk Shapeshifter on Jan 20, 2024.
             Slain by a hobgoblin (4 damage)
             ... led by Robin
             ... on level 1 of the Dungeon.
             The game lasted 00:02:24 (984 turns).

bpung the Changeling (Merfolk Shapeshifter)          Turns: 984, Time: 00:02:25

Health: 0/26       AC:  2    Str: 16    XL:     3   Next: 6%
Magic:  3/3        EV: 13    Int:  9    God:
Gold:   28         SH:  5    Dex: 13    Spells: 2/2 levels left

rFire   . . .        a - +3 whip (elec)
rCold   . . .        (no shield)
rNeg    . . .        h - +0 animal skin
rPois   .            (helmet currently unavailable)
rElec   .            (cloak currently unavailable)
rCorr   .            (gloves currently unavailable)
SInv    .            (boots currently unavailable)
Will    .....        l - amulet of reflection
Stlth   +            (no ring)
HPRegen 0.24/turn    (no ring)
MPRegen 0.08/turn

%: reflection
@: beast-form
A: beast (slay +2), (nimble swimmer 2), mertail
a: Begin Untransformation


You were on level 1 of the Dungeon.
You were a hulking beast.
You visited 1 branch of the dungeon, and saw 2 of its levels.

You collected 28 gold pieces.

Inventory:

Hand Weapons
 a - a +3 whip of electrocution (weapon)
Missiles
 n - 6 poisoned darts (quivered)
Armour
 h - a +0 animal skin (worn)
 m - a +2 pair of gloves
Jewellery
 j - an amulet of faith
 l - an amulet of reflection (around neck)
Talismans
 c - a beast talisman
 d - a flux talisman
Scrolls
 e - a scroll of summoning {unknown}
 g - a scroll of poison {unknown}
 i - a scroll of noise {unknown}
 o - 3 scrolls of teleportation {unknown}
 p - a scroll of immolation {unknown}
Potions
 b - a potion of lignification
 k - a potion of mutation {unknown}


   Skills:
 + Level 1.6 Fighting
 + Level 0.2 Maces & Flails
 + Level 3.1 Dodging
 + Level 3.5 Unarmed Combat
 * Level 4.5 Shapeshifting


You had 2 spell levels left.
You didn't know any spells.
Your spell library contained the following spells:

 Spells                   Type           Power      Damage    Failure   Level
 Hailstorm                Conj/Ice       0%         3d5       77%         3
 Summon Ice Beast         Ice/Summ       0%         N/A       77%         3
 Sculpt Simulacrum        Ice/Alch       0%         N/A       100%        6


Dungeon Overview and Level Annotations

Branches:
Dungeon (2/15)

Altars:

Annotations:
D:2 Robin


Innate Abilities, Weirdness & Mutations

You are a hulking beast.
Your limbs bulge with bestial killing power. (Slay +2)
((You are very nimble when in or above water. (Stealth+, EV+, Speed+++)))
Your lower body shifts to a powerful aquatic tail in water.


Message History

The ball python's grasp on you weakens, but your attempt to escape fails.
You block the hobgoblin's attack. The goblin barely misses you.
The ball python bites you but does no damage.
The ball python constricts you. The goblin hits you with a +0 dagger.
Unknown command.
You escape the ball python's grasp.
The hobgoblin barely misses you. The goblin hits you with a +0 dagger.
* * * LOW HITPOINT WARNING * * *
The goblin closely misses you. You block the ball python's attack.
The ball python misses you.
You climb upwards.
There is a stone staircase leading down here.
It was a potion of heal wounds.
You feel much better. The goblin hits you but does no damage.
The hobgoblin misses you. The ball python closely misses you.
The ball python grabs you. The ball python constricts you.
You hit the ball python.
You kill the ball python!
The goblin hits you with a +0 dagger.
You whack the hobgoblin!
Lightning courses through the hobgoblin!
You kill the hobgoblin!
You have reached level 3!
Your experience leads to an increase in your attributes!
Increase (S)trength, (I)ntelligence, or (D)exterity?
You feel stronger. x2
You hit the goblin.
You kill the goblin!
The goblin hits you with a +0 dagger.
You closely miss the goblin. The hobgoblin hits you.
The goblin hits you with a +0 dagger.
You hit the goblin.
The goblin is heavily wounded.
The hobgoblin hits you.
* * * LOW HITPOINT WARNING * * *
The goblin hits you with a +0 dagger.
* * * LOW HITPOINT WARNING * * *
The hobgoblin closely misses you. The goblin barely misses you.
The hobgoblin hits you.
You die...

#.##########.#
#.#........#.##########
#.#...................#
#.#..........))†......####
#.#......................#####
#.#........#.##........#......
#.#........#.##......#########
#.#........#g#......####..#.##
#.#........#>h......# #.......
#.#........#g######## ##......
#.#........#..### ######......
#.#........##...# #.........~~
#.#############.# #........~..
#.#############.###........~.<
#.#..............##........~..
#..............#.##.........~~
###[#########..#..#...#.......


You could see a hobgoblin (strong) and a goblin (strong).

Vanquished Creatures
  An endoplasm (D:1)
  A giant cockroach (D:1)
  7 goblins
  A hobgoblin (D:1)
  5 kobolds (D:1)
  2 ball pythons (D:1)
  3 bats
  2 frilled lizards (D:1)
  2 rats (D:1)
24 creatures vanquished.

Notes
Turn   | Place    | Note
-------+----------+-------------------------------------------
     0 | D:1      | bpung the Merfolk Shapeshifter began the quest for the Orb.
     0 | D:1      | Reached XP level 1. HP: 15/15 MP: 1/1
   172 | D:1      | Reached XP level 2. HP: 21/21 MP: 2/2
   967 | D:2      | Noticed Robin
   981 | D:1      | Reached XP level 3. HP: 22/26 MP: 3/3
   984 | D:1      | Slain by a hobgoblin

Illustrated notes

Levels and vault maps discovered:
D:1:      enne_arrival_octagon_isle, layout_basic
D:2:      minmay_alternating_diamond, layout_rooms, uniq_jessica, uniq_robin

Skill      XL: |  1  2 |
---------------+-------+-----
Dodging        | 3 |  3.1
Fighting       | |  1.6
Maces & Flails | |  0.2
Unarmed Combat | |  3.5
Shapeshifting  | |  4.5

Action                     || total
---------------------------++-------
  Melee: Unarmed           ||    25
         Punch             ||     1
         Whip              ||    14
    Use: Potion            ||     1
 Armour: Animal skin       ||    33
  Dodge: Dodged            ||    32
  Block: Other             ||     4
         Reflection        ||     2
